 Dungeon Crawl Stone Soup version 0.30-a0-800-g7c544603b3 (webtiles) character file.

Game seed: 8674265267383909508

543 NinjaNoafa the Conjurer (level 7, -3/40 HPs)
             Began as a Meteoran Conjurer on Feb 21, 2023.
             Slain by an ogre
             ... wielding a +0 giant spiked club
              (14 damage)
             ... on level 5 of the Dungeon.
             The game lasted 00:13:51 (2552 turns).

NinjaNoafa the Conjurer (Meteoran Conjurer)         Turns: 2552, Time: 00:13:52

Health: -3/40      AC:  3    Str:  8    XL:     7   Next: 82%
Magic:  2/16       EV: 12    Int: 23    God:
Gold:   256        SH:  0    Dex: 12    Spells: 7/17 levels left

rFire   . . .      SeeInvis .    j - staff of air
rCold   . . .      Faith    .    (no shield)
rNeg    . . .      Spirit   .    x - +0 robe of the Swan {+Blink}
rPois   .          Reflect  .    l - +0 helmet
rElec   +          Harm     .    (no cloak)
rCorr   .          Rampage  .    (no gloves)
Will    .....                    (no boots)
Stlth   +                        (no amulet)
HPRegen 0.26/turn                p - ring of flight
MPRegen 0.15/turn                (no ring)

@: lethally poisoned (-3 -> -10), flying, glowing
A: sense surroundings 1, otherworldly, glowing, explore regen
a: Evoke Blink


You were on level 5 of the Dungeon.
You visited 1 branch of the dungeon, and saw 5 of its levels.

You collected 256 gold pieces.

Inventory:

Hand Weapons
 c - a +0 short sword
Missiles
 n - 4 atropa-tipped darts
Armour
 f - a +0 kite shield
 l - a +0 helmet (worn)
 x - the +0 robe of the Swan (worn) {+Blink}
   (You found it on level 4 of the Dungeon)

   +Blink:    It lets you blink.
Magical Staves
 j - a staff of air (weapon)
Jewellery
 p - a ring of flight (left hand)
Wands
 m - a wand of light (7)
 u - a wand of paralysis (8)
Scrolls
 e - 2 scrolls of fog
 g - 2 scrolls of identify
 i - 2 scrolls of silence {unknown}
 k - a scroll of blinking {unknown}
 q - 2 scrolls of noise
 s - a scroll of poison {unknown}
 t - a scroll of teleportation {unknown}
 v - a scroll of amnesia {unknown}
 w - a scroll of vulnerability {unknown}
Potions
 a - 2 potions of degeneration {unknown}
 b - a potion of magic
 d - a potion of curing
 h - a potion of might {unknown}
 o - 2 potions of heal wounds {unknown}
 r - 2 potions of resistance {unknown}


   Skills:
 - Level 2.4 Dodging
 - Level 1.4 Stealth
 + Level 5.7 Spellcasting
 - Level 6.0 Conjurations
 - Level 1.9 Hexes
 + Level 5.9 Translocations


You had 7 spell levels left.
You knew the following spells:

 Your Spells              Type           Power      Damage    Failure   Level
a - Magic Dart            Conj           100%       1d8       1%          1
b - Searing Ray           Conj           68%        2d6       1%          2
c - Dazzling Flash        Conj/Hex       48%        N/A       5%          3
d - Iskenderun's Mystic   Conj/Tloc      33%        2d8       8%          4

Your spell library contained the following spells:

 Spells                   Type           Power      Damage    Failure   Level
 Gell's Gravitas          Tloc           33%        N/A       2%          3
 Teleport Other           Tloc           33%        N/A       2%          3
 Fulminant Prism          Conj/Hex       12%        3d8       17%         4
 Dispersal                Tloc           16%        N/A       75%         6
 Starburst                Conj/Fire      10%        6d5       98%         6


Dungeon Overview and Level Annotations

Branches:
Dungeon (5/15) Zot: 649
 Temple: D:4-7

Altars:
Trog

Annotations:
D:3 2 transporters, tarna41's ghost, amateur MiBe


Innate Abilities, Weirdness & Mutations

You passively map a small area around you.
You are easily found by Zot.
You glow in the dark.
You regain HP and MP as you explore.


Message History

There is a stone staircase leading down here.
Okay, then.
As you read the scroll labelled YCYORU NANNOAPT, it crumbles to dust.
You hear a loud clanging noise!
It was a scroll of noise.
You feel sick.
You hear a howl!
The scorpion barely misses you.
As you read the scroll labelled JYANYIJASI, it crumbles to dust.
It is a scroll of identify.
e - 2 scrolls of fog You feel sick.
You are no longer poisoned.
The scorpion stings you.
* * * LOW HITPOINT WARNING * * *
You are poisoned.
The scorpion poisons you!
The ogre hits you with a +0 giant spiked club!
* * * LOW HITPOINT WARNING * * *
Okay, then.
Found 15 gold pieces.
* * * LOW HITPOINT WARNING * * *
You feel sick.
Casting: Iskenderun's Mystic Blast (quite dangerous; 8% risk of failure)
Confirm with . or Enter, or press ? or * to list all spells.
You erupt in a blast of force!
The mystic blast hits the scorpion.
The scorpion is heavily wounded.
The scorpion is knocked back by the mystic blast.
The mystic blast hits the ogre!
The ogre is moderately wounded.
The ogre is knocked back by the mystic blast.
* * * LOW HITPOINT WARNING * * *
You feel sick.
It was a potion of curing.
You feel better. The scorpion attacks as you move away!
The scorpion stings you.
* * * LOW HITPOINT WARNING * * *
You are poisoned.
The scorpion poisons you!
Found a potion of curing.
You feel very sick.
The ogre hits you with a +0 giant spiked club!
You die...

#.# ...#.# ~ * * *
#.###..#.# ..* ..#
.......#.# .# *#.. , #
'##....#.# ..##.. .#
~~#....#.# .... ,..#
~~+......# *#..# !.$.
~~#......### #..# .....
'##...#....####O.#......
......#..#....>s@.......
......#..#########......
, )....##.## *,..... ,
.######.# ** #### ## #.#
#.# ###


You could see an ogre and a scorpion.

Vanquished Creatures
  A necrophage (D:4)
  A scorpion (D:4)
  2 hounds
  Jessica (D:3)
  Ijyb (D:3)
  Terence (D:2)
  An iguana (D:5)
  Natasha (thrice) (D:3)
  2 orc wizards
  Robin (D:3)
  An adder (D:4)
  A white imp (D:5)
  An ufetubus (D:4)
  3 worms
  2 dart slugs
  11 orcs
  8 ball pythons
  7 bats
  7 endoplasms
  3 giant cockroaches
  7 goblins
  8 hobgoblins
  4 jackals
  7 kobolds
  A quokka (D:5)
  9 rats
94 creatures vanquished.

Notes
Turn   | Place    | Note
-------+----------+-------------------------------------------
     0 | D:1      | NinjaNoafa the Meteoran Conjurer began the quest for the
                  | Orb.
     0 | D:1      | Reached XP level 1. HP: 14/14 MP: 5/5
    24 | D:1      | Reached skill level 5 in Conjurations
    27 | D:1      | Reached XP level 2. HP: 20/20 MP: 0/7
    34 | D:1      | Learned a level 2 spell: Searing Ray
   213 | D:1      | Reached XP level 3. HP: 22/26 MP: 5/8
   500 | D:1      | Glimpsed the power of Zot.
   645 | D:2      | Noticed Terence
   650 | D:2      | Killed Terence
   651 | D:2      | Reached XP level 4. HP: 33/33 MP: 6/11
   873 | D:2      | Found a bloodstained altar of Trog.
  1048 | D:2      | Reached skill level 6 in Conjurations
  1100 | D:2      | Glimpsed the power of Zot.
  1118 | D:2      | Reached XP level 5. HP: 38/38 MP: 10/12
  1150 | D:2      | Glimpsed the power of Zot.
  1190 | D:2      | Glimpsed the power of Zot.
  1200 | D:2      | Touched by the power of Zot.
  1204 | D:3      | Noticed Natasha
  1208 | D:3      | Killed Natasha
  1209 | D:3      | Reached skill level 1 in Translocations
  1228 | D:3      | Noticed Natasha
  1233 | D:3      | Killed Natasha
  1289 | D:3      | Noticed Robin
  1295 | D:3      | Killed Robin
  1386 | D:3      | Noticed Ijyb
  1391 | D:3      | Killed Ijyb
  1392 | D:3      | Reached XP level 6. HP: 20/35 MP: 7/14
  1471 | D:3      | Noticed Natasha
  1472 | D:3      | Found a transporter.
  1475 | D:3      | Killed Natasha
  1476 | D:3      | Reached skill level 5 in Spellcasting
  1584 | D:3      | Noticed Jessica
  1588 | D:3      | Killed Jessica
  1637 | D:3      | Found a transporter.
  1676 | D:3      | Noticed tarna41's ghost (amateur MiBe)
  1848 | D:4      | Reached skill level 1 in Hexes
  2084 | D:4      | Learned a level 3 spell: Dazzling Flash
  2091 | D:4      | Reached XP level 7. HP: 30/40 MP: 8/15
  2144 | D:4      | Identified the +0 robe of the Swan {+Blink}
  2362 | D:4      | Reached skill level 5 in Translocations
  2432 | D:5      | Entered Level 5 of the Dungeon
  2495 | D:5      | Learned a level 4 spell: Iskenderun's Mystic Blast
  2552 | D:5      | Slain by an ogre

Illustrated notes

Levels and vault maps discovered:
D:1:      dpeg_arrival_prison, layout_basic
D:2:      layout_basic, basic_altar, uniq_terence
D:3:      layout_basic, gammafunk_ghost_mausoleum, corexii_shack, uniq_natasha,
          uniq_ijyb, uniq_robin, uniq_jessica
D:4:      layout_loops_corners
D:5:      layout_rooms, minmay_liquid_box, nicolae_shop_dragon_depot

Skill      XL: |  1  2  3  4  5  6  7 |
---------------+----------------------+-----
Conjurations   | 5 6 |  6.0
Spellcasting   | 3 4 5 |  5.7
Translocations | 3 4 5 |  5.9
Hexes          | 1 |  1.9
Dodging        | |  2.4
Stealth        | |  1.4

Action                     |  1- 3 |  4- 6 |  7- 9 || total
---------------------------+-------+-------+-------++-------
  Melee: Unarmed           |     1 |       |       ||     1
         Short sword       |     1 |       |       ||     1
         Staff             |       |     1 |     1 ||     2
   Cast: Magic Dart        |    42 |    36 |     8 ||    86
         Searing Ray       |     4 |    16 |     8 ||    28
         Dazzling Flash    |       |       |     4 ||     4
         Iskenderun's Myst |       |       |     3 ||     3
    Use: Scroll            |       |       |     2 ||     2
         Potion            |       |       |     1 ||     1
 Armour: Robe              |     6 |     1 |     5 ||    12
  Dodge: Dodged            |    12 |    10 |    14 ||    36

Table legend: (Time is in decaauts)
 A = Elapsed time spent in this place.
 B = Non-inter-level travel time spent in this place.
 C = Inter-level travel time spent in this place.
 D = Time resting spent in this place.
 E = Time spent auto-exploring this place.
 F = Levels seen in this place.
 G = Mean time per level.
                   A        B        C        D        E       F      G
               +--------+--------+--------+--------+--------+-----+--------+
         Total |   2549 |   2126 |    423 |      0 |     76 |   5 |  509.8 |
       Dungeon |   2549 |   2126 |    423 |      0 |     76 |   5 |  509.8 |
               +--------+--------+--------+--------+--------+-----+--------+

Top non-repeatable levels by time:
     D:4: 731 daAuts
     D:2: 673 daAuts
     D:1: 529 daAuts
     D:3: 494 daAuts
     D:5: 119 daAuts
